 Dungeon Crawl Stone Soup version 0.23-a0-586-gacb4b3f4ce (webtiles) character file.

317 Naow the Chopper (level 6, -8/47 HPs)
             Began as a Formicid Fighter on Dec 18, 2018.
             Mangled by Menkaure (22 damage)
             ... on level 4 of the Dungeon.
             The game lasted 00:04:10 (3202 turns).

Naow the Chopper (Formicid Fighter)                 Turns: 3202, Time: 00:04:10

Health: -8/47      AC:  6    Str: 22    XL:     6   Next: 73%
Magic:  6/6        EV:  8    Int:  8    God:
Gold:   224        SH:  9    Dex: 10    Spells: 5/5 levels left

rFire    . . .     SeeInvis +   a - +0 war axe
rCold    . . .     Gourm    .   c - +0 shield
rNeg     . . .     Faith    .   b - +0 scale mail
rPois    .         Spirit   .   (helmet unavailable)
rElec    .         Reflect  .   (no cloak)
rCorr    .         Harm     .   (no gloves)
MR       .....                  (no boots)
Stlth    ..........             (no amulet)
HPRegen  0.15/turn              (no ring)
MPRegen  0.10/turn              (no ring)

@: no status effects
A: permanent stasis, dig shafts and tunnels, four strong arms, antennae 3
a: Dig, Shaft Self


You were on level 4 of the Dungeon.
You were not hungry.

You visited 1 branch of the dungeon, and saw 4 of its levels.

You collected 224 gold pieces.

Inventory:

Hand Weapons
 a - a +0 war axe (weapon)
Armour
 b - a +0 scale mail (worn)
 c - a +0 shield (worn)
 q - a +0 cloak
Jewellery
 e - an uncursed amulet of regeneration {unknown}
 m - an uncursed ring of protection from cold {unknown}
Wands
 n - a wand of random effects (23)
Scrolls
 i - 3 scrolls of remove curse {unknown}
 j - a scroll of random uselessness {unknown}
 l - 3 scrolls of teleportation {unknown}
 o - a scroll of noise {unknown}
 p - a scroll of enchant armour {unknown}
 t - a scroll of magic mapping {unknown}
 u - a scroll of fog {unknown}
Potions
 d - 3 potions of might
 g - 4 potions of curing {unknown}
 k - 2 potions of lignification {unknown}
 r - 2 potions of brilliance {unknown}
 s - a potion of mutation {unknown}
 v - a potion of cancellation {unknown}
Comestibles
 f - 11 rations
 h - a chunk of flesh


   Skills:
 - Level 3.2 Fighting
 + Level 6.6 Axes
 - Level 3.2 Armour
 - Level 3.6 Shields


You had 5 spell levels left.
You didn't know any spells.
Your spell library was empty.

Dungeon Overview and Level Annotations

Branches:
Dungeon (4/15)
 Temple: D:4-7

Altars:
Dithmenos
Elyvilon
Qazlal
Vehumet
Xom
Zin

Annotations:
D:4 Menkaure


Innate Abilities, Weirdness & Mutations

You cannot be hasted, slowed, berserked, paralysed or teleported.
You can dig through walls and to a lower floor.
Your four strong arms can wield two-handed weapons with a shield.
You have a pair of large antennae on your head. (SInv)


Message History

Menkaure hits you!!
Menkaure is nearby!
You barely miss Menkaure. Menkaure closely misses you.
Menkaure is nearby!
You hit Menkaure.
Menkaure is lightly damaged.
You block Menkaure's attack.
You hit Menkaure.
Menkaure is lightly damaged.
Menkaure hits you!
* * * LOW HITPOINT WARNING * * *
Menkaure is nearby!
You are too injured to fight recklessly!
Menkaure is nearby!
You are too injured to fight recklessly!
You are too injured to fight recklessly!
You hit Menkaure.
Menkaure is moderately damaged.
Menkaure hits you!!
You die...

...........#..
#.# ##
..........###
.+ ...... ##
#....# .##
#....## ..#
#..... ..#
#...# ..#
#.M.+ ..#
#@..# ..#
#####...# .##
#...'...+ .#
#.###...# .#
#.# #...# .#
#.# #####
.###########.#
...).........#
##############


You could see Menkaure.

Vanquished Creatures
  A scorpion (D:4)
  An orc priest (D:3)
  7 gnolls
  6 adders (D:2)
  An ooze (D:1)
  4 worms
  2 dart slugs
  A leopard gecko (D:3)
  8 orcs
  2 ball pythons
  14 bats
  6 giant cockroaches
  4 goblins
  6 hobgoblins
  6 jackals
  2 quokkas (D:2)
  A jackal skeleton (D:2)
  4 kobolds
  15 rats
91 creatures vanquished.

Notes
Turn   | Place    | Note
-------+----------+-------------------------------------------
     0 | D:1      | Naow the Formicid Fighter began the quest for the Orb.
     0 | D:1      | Reached XP level 1. HP: 18/18 MP: 1/1
   115 | D:1      | Reached XP level 2. HP: 19/24 MP: 2/2
   351 | D:1      | Reached skill level 3 in Axes
   441 | D:1      | Reached XP level 3. HP: 28/29 MP: 3/3
   984 | D:2      | Reached skill level 4 in Axes
   984 | D:2      | Reached XP level 4. HP: 35/35 MP: 4/4
   987 | D:2      | Found a radiant altar of Vehumet.
  1354 | D:2      | Reached XP level 5. HP: 17/41 MP: 5/5
  1680 | D:2      | Reached skill level 5 in Axes
  2170 | D:2      | Found a shimmering altar of Xom.
  2561 | D:3      | Reached XP level 6. HP: 45/47 MP: 6/6
  2597 | D:3      | Reached skill level 6 in Axes
  2611 | D:3      | Found a white marble altar of Elyvilon.
  2634 | D:3      | Found a glowing silver altar of Zin.
  2810 | D:3      | Found a stormy altar of Qazlal.
  3059 | D:4      | Found a shadowy altar of Dithmenos.
  3196 | D:4      | Noticed Menkaure
  3202 | D:4      | Mangled by Menkaure

Vault maps used:
D:1:      scummos_arrival_simple_crosswalls
D:2:      xom_butterflies, lemuel_crystal_altar, serial_forest,
          infiniplex_forest_fountain, infiniplex_forest_end_1,
          infiniplex_forest_clump_small, infiniplex_forest_straight_3,
          infiniplex_forest_straight_4, infiniplex_forest_straight_3,
          infiniplex_forest_lined_2, minmay_quadrilaterals
D:3:      lemuel_crystal_altar, elyvilon_altar_1, overflow_temple_1_default,
          first_ration, minmay_misc_feat_chi, minmay_strange_pillars
D:4:      grunt_dithmenos_smoke_and_mirrors, solitary_fountain,
          minmay_pentomino_pile, uniq_menkaure

Skill      XL: |  1  2  3  4  5  6 |
---------------+-------------------+-----
Axes           | 3 4 5 6 |  6.6
Fighting       | |  3.2
Armour         | |  3.2
Shields        | |  3.6

Action                   |  1- 3 |  4- 6 || total
-------------------------+-------+-------++-------
Melee: War axe           |   102 |   188 ||   290
  Eat: Chunk             |       |     8 ||     8
Armor: Scale mail        |    75 |    68 ||   143
Dodge: Dodged            |    53 |    51 ||   104
Block: Shield            |    66 |    90 ||   156

Table legend:
 A = Non-vault XP
 B = Vault XP
 C = Vault XP percentage of total XP
 D = Non-vault monster count
 E = Vault monster count
 F = Vault count percentage of total count
                 A         B        C        D         E       F
            +---------+---------+-------+---------+---------+-------
      Total |     433 |      20 |   4.4 |      87 |       4 |   4.4
            +---------+---------+-------+---------+---------+-------
        D:1 |      53 |       0 |   0.0 |      29 |       0 |   0.0
        D:2 |     157 |      20 |  11.3 |      32 |       4 |  11.1
        D:3 |     146 |       0 |   0.0 |      24 |       0 |   0.0
        D:4 |      77 |       0 |   0.0 |       2 |       0 |   0.0
            +---------+---------+-------+---------+---------+-------
